 Dungeon Crawl Stone Soup version 0.32-a0-675-gdc239d62e1 (webtiles) character file.

Game seed: 3502368806507979049

1346 BirdAdvisor the Skirmisher (level 8, -1/56 HPs)
             Began as a Formicid Hunter on Mar 11, 2024.
             Slain by a kobold brigand
             ... wielding a +2 dagger of flaming
              (4 damage)
             ... in a sewer.
             The game lasted 00:05:50 (4490 turns).

BirdAdvisor the Skirmisher (Formicid Hunter)        Turns: 4490, Time: 00:05:51

Health: -1/56      AC:  4    Str: 15    XL:     8   Next: 94%
Magic:  8/8        EV: 17    Int: 10    God:
Gold:   210        SH:  0    Dex: 25    Spells: 7/7 levels left

rFire   . . .        a - +0 shortbow
rCold   . . .        (no shield)
rNeg    . . .        c - +0 leather armour
rPois   .            (helmet unavailable)
rElec   .            f - +0 cloak
rCorr   .            (no gloves)
SInv    +            (no boots)
Will    .....        (no amulet)
Stlth   ++           d - +6 ring of dexterity
HPRegen 0.29/turn    u - +5 ring of evasion
MPRegen 0.11/turn

%: no passive effects
@: no status effects
A: permanent stasis, dig shafts and tunnels, antennae 3, four strong arms
a: Dig


You were in a sewer.
You visited 1 branch of the dungeon, and saw 5 of its levels.
You also visited: Sewer.

You collected 210 gold pieces.

Inventory:

Hand Weapons
 a - a +0 shortbow (weapon)
Armour
 c - a +0 leather armour (worn)
 f - a +0 cloak (worn)
Jewellery
 b - a +6 ring of strength
 d - a +6 ring of dexterity (left hand)
 u - a +5 ring of evasion (right hand)
Scrolls
 e - a scroll of fog {@r2}
 l - 2 scrolls of revelation {@r5}
 m - 2 scrolls of immolation
 o - a scroll of enchant weapon
 p - 2 scrolls of poison {unknown}
 v - a scroll of vulnerability {unknown}
Potions
 g - 5 potions of curing {unknown}
 h - a potion of brilliance {unknown}
 j - a potion of might {unknown}
 k - 2 potions of heal wounds {unknown}
 n - a potion of haste {unknown}
 q - a potion of attraction {unknown}
 r - a potion of enlightenment {unknown}
 s - a potion of resistance {unknown}
 t - a potion of lignification {unknown}
 w - a potion of degeneration {unknown}
 x - 2 potions of mutation {unknown}


   Skills:
 - Level 2.1 Fighting
 + Level 11.0 Ranged Weapons
 - Level 1.7 Dodging
 - Level 1.2 Stealth


You had 7 spell levels left.
You didn't know any spells.
Your spell library contained the following spells:

 Spells                   Type           Power      Damage    Failure   Level
 Sting                    Conj/Alch      0%         1d3       43%         1
 Mercury Vapours          Alch/Air       0%         N/A       56%         2
 Olgreb's Toxic Radiance  Alch           0%         N/A       99%         4


Dungeon Overview and Level Annotations

Branches:
Dungeon (5/15)              Sewer (1/1)
 Temple: D:4-7

Altars:
Vehumet
Wu Jian
Yredelemnul

Annotations:
D:1 ignis
D:2 1 runed translucent door, Crazy Yiuf


Innate Abilities, Weirdness & Mutations

You cannot be hasted, slowed, berserked, paralysed or teleported.
You can dig through walls and to a lower floor.
You have a pair of large antennae on your head. (SInv)
Your four strong arms can wield two-handed weapons with a shield.


Message History

The kobold brigand hits you with a +2 dagger of flaming.
The kobold brigand burns you.
The kobold brigand hits your bat with a +0 short sword.
Your bat dies!
Your bat's corpse dissolves into shadows!
You shoot an arrow. The arrow hits the kobold brigand!
The kobold brigand is moderately wounded.
You feel sick.
Your frilled lizard barely misses the kobold brigand.
You shoot an arrow. The arrow hits the kobold brigand.
The kobold brigand is heavily wounded.
The kobold brigand hits you with a +2 dagger of flaming.
The kobold brigand burns you.
Your frilled lizard bites the kobold brigand.
You shoot an arrow. The arrow hits the kobold brigand!
The kobold brigand is severely wounded.
You feel sick.
You are no longer poisoned.
The kobold brigand hits you with a +2 dagger of flaming.
* * * LOW HITPOINT WARNING * * *
The kobold brigand burns you.
* * * LOW HITPOINT WARNING * * *
The kobold brigand hits your frilled lizard with a +0 short sword.
Your frilled lizard dies!
Your frilled lizard's corpse dissolves into shadows!
The kobold brigand shouts!
You shoot an arrow. The arrow hits the kobold brigand.
You kill the kobold brigand!
Your Ranged Weapons skill increases to level 11!
You shoot an arrow. The arrow hits the kobold!
You kill the kobold!
The kobold brigand closely misses you.
You shoot an arrow. The arrow hits the kobold brigand.
The kobold brigand is almost dead.
The kobold brigand hits you with a +0 club.
* * * LOW HITPOINT WARNING * * *
The kobold brigand hits you with a +2 dagger of flaming!
* * * LOW HITPOINT WARNING * * *
The kobold brigand burns you.
You die...

~~~~~.....##
#~~~.....#
#~~P†...##
#~.P....#
#~......#
#.......#
#~.~...##
#~~~...#
#)~K@###
##'K## #..K.
#.?.!#
#.∩..#
#[..P#
######


You could see 2 kobold brigands and a kobold.

Vanquished Creatures
  Eustachio (D:3)
  A water moccasin (D:5)
  2 ogres
  A phantom (D:5)
  2 kobold brigands (Sewer)
  3 scorpions
  A bombardier beetle (D:4)
  An orc priest (D:5)
  A jelly (D:4)
  A scorpion zombie (D:3)
  An iguana (D:5)
  3 orc wizards
  13 gnolls
  2 adders
  2 white imps
  An adder zombie (D:3)
  7 dart slugs
  4 ribbon worms
  20 orcs
  13 bats
  8 endoplasms
  4 giant cockroaches
  8 goblins
  7 hobgoblins
  3 jackals
  12 kobolds
  6 quokkas
  7 ball pythons
  6 frilled lizards
  A quokka zombie (D:3)
  7 rats
149 creatures vanquished.

Vanquished Creatures (collateral kills)
  A kobold (Sewer)
1 creature vanquished.

Grand Total: 150 creatures vanquished

Notes
Turn   | Place    | Note
-------+----------+-------------------------------------------
     0 | D:1      | BirdAdvisor the Formicid Hunter began the quest for the
                  | Orb.
     0 | D:1      | Reached XP level 1. HP: 16/16 MP: 1/1
    91 | D:1      | Reached XP level 2. HP: 11/22 MP: 2/2
   200 | D:1      | Found a faded altar of an unknown god.
   318 | D:1      | Reached XP level 3. HP: 27/27 MP: 3/3
   328 | D:1      | Reached skill level 5 in Ranged Weapons
   545 | D:1      | Reached XP level 4. HP: 33/33 MP: 4/4
  1166 | D:2      | Found a runed translucent door.
  1167 | D:2      | Noticed Crazy Yiuf
  1386 | D:2      | Identified the +1 hand axe "Igovyck" {flame, rElec rN++
                  | Int+2}
  1677 | D:3      | Reached skill level 6 in Ranged Weapons
  1677 | D:3      | Reached XP level 5. HP: 38/38 MP: 5/5
  1682 | D:3      | Found a basalt altar of Yredelemnul.
  2070 | D:3      | Found a radiant altar of Vehumet.
  2079 | D:3      | Found an ornate altar of the Wu Jian Council.
  2184 | D:3      | Reached XP level 6. HP: 41/44 MP: 6/6
  2195 | D:3      | Reached skill level 7 in Ranged Weapons
  2511 | D:4      | Noticed Eustachio
  2548 | D:3      | Killed Eustachio
  2549 | D:3      | Reached XP level 7. HP: 20/50 MP: 7/7
  2690 | D:4      | Reached skill level 8 in Ranged Weapons
  3317 | D:4      | Reached skill level 9 in Ranged Weapons
  3560 | D:5      | Entered Level 5 of the Dungeon
  3572 | D:5      | Reached XP level 8. HP: 48/56 MP: 8/8
  3727 | D:5      | Reached skill level 10 in Ranged Weapons
  4230 | D:5      | Found a glowing drain.
  4234 | Sewer    | Entered a sewer
  4489 | Sewer    | Reached skill level 11 in Ranged Weapons
  4490 | Sewer    | Slain by a kobold brigand

Illustrated notes

Levels and vault maps discovered:
D:1:      lightli_arrival_chessboard, layout_basic,
          ebering_ecumenical_altar_mist, serial_park_tiny_pond,
          minmay_hedge_maze
D:2:      layout_rooms, minmay_increasing_density, uniq_crazy_yiuf_cottage
D:3:      layout_basic, nicolae_yredelemnul_corpse_copse, jmf_multi_god_temple2
D:4:      layout_loops_ring, uniq_eustachio
D:5:      layout_cave_pools, mainiacjoe_sewer_entry_somewhere_in_here_2
Sewer:    kennysheep_pipe_town

Skill      XL: |  1  2  3  4  5  6  7  8 |
---------------+-------------------------+-----
Ranged Weapons | 5 6 7 9 11 | 11.0
Fighting       | |  2.1
Dodging        | |  1.7
Stealth        | |  1.2

Action                     |  1- 3 |  4- 6 |  7- 9 || total
---------------------------+-------+-------+-------++-------
   Fire: Shortbow          |    77 |   174 |   244 ||   495
Ability: Dig               |     1 |       |       ||     1
    Use: Scroll            |       |       |     7 ||     7
 Armour: Leather armour    |    19 |    47 |    53 ||   119
  Dodge: Dodged            |    20 |    52 |    70 ||   142

Table legend: (Time is in decaauts)
 A = Elapsed time spent in this place.
 B = Non-inter-level travel time spent in this place.
 C = Inter-level travel time spent in this place.
 D = Time resting spent in this place.
 E = Time spent auto-exploring this place.
 F = Levels seen in this place.
 G = Mean time per level.
                   A        B        C        D        E       F      G
               +--------+--------+--------+--------+--------+-----+--------+
         Total |   4531 |   4290 |    241 |    229 |   3243 |   6 |  755.2 |
       Dungeon |   4272 |   4031 |    241 |     83 |   3183 |   5 |  854.4 |
         Sewer |    259 |    259 |      0 |    146 |     60 |   1 |  259.0 |
               +--------+--------+--------+--------+--------+-----+--------+

Top non-repeatable levels by time:
     D:3: 1040 daAuts
     D:4: 967 daAuts
     D:1: 955 daAuts
     D:5: 673 daAuts
     D:2: 635 daAuts
   Sewer: 259 daAuts
